 Dungeon Crawl Stone Soup version 0.21-a0-39-g28ea6b7 (webtiles) character file.

121 JeffiDaFish the Shield-Bearer (level 5, -1/33 HPs)
             Began as a Gargoyle Fighter on May 30, 2017.
             Killed by divine providence
             ... invoked by an orc priest
              (13 damage)
             ... on level 3 of the Dungeon.
             The game lasted 00:08:02 (2018 turns).

JeffiDaFish the Shield-Bearer (Gargoyle Fighter)    Turns: 2018, Time: 00:08:03

Health: -1/33      AC: 12    Str: 19    XL:     5   Next: 5%
Magic:  5/5        EV:  7    Int:  9    God:
Gold:   136        SH:  9    Dex: 10    Spells: 4/4 levels left

rFire    . . .     SeeInvis +   d - +2 whip (vamp)
rCold    . . .     Gourm    .   c - +0 shield
rNeg     + . .     Faith    .   b - +0 scale mail
rPois    ∞         Spirit   .   j - +0 helmet
rElec    +         Reflect  .   (no cloak)
rCorr    .         Harm     .   (no gloves)
MR       +....                  (no boots)
Stlth    ..........             (no amulet)
Regen    0.2/turn               h - ring of protection from magic
MPRegen  0.1/turn               i - ring of see invisible

@: no status effects
A: negative energy resistance 1, electricity resistance, unbreathing,
petrification resistance, rot immunity, AC +4
a: no special abilities


You were on level 3 of the Dungeon.
You were not hungry.

You visited 1 branch of the dungeon, and saw 3 of its levels.

You collected 136 gold pieces.

Inventory:

Hand Weapons
 d - a +2 vampiric whip (weapon)
Armour
 b - a +0 scale mail (worn)
 c - a +0 shield (worn)
 j - a +0 helmet (worn)
Jewellery
 h - a ring of protection from magic (left hand)
 i - a ring of see invisible (right hand)
Scrolls
 e - a scroll of identify
Comestibles
 a - a chunk of flesh
 f - 2 bread rations


   Skills:
 + Level 3.7 Fighting
 + Level 3.3 Maces & Flails
 + Level 3.9 Armour
 + Level 1.0 Dodging
 + Level 4.0 Shields


You had 4 spell levels left.
You didn't know any spells.

Dungeon Overview and Level Annotations

Branches:
Dungeon (3/15)

Altars:
Qazlal


Innate Abilities, Weirdness & Mutations

You are resistant to torment.
Your stone body is resilient. (AC +4)
You are immune to poison.
You resist negative energy. (rN+)
You are resistant to electric shocks. (rElec)
You can survive without breathing.
You are immune to petrification.
You are immune to rotting.


Message History

Your shield and scale mail prevent you from hitting the orc priest.
The orc priest is heavily wounded.
You block the orc priest's attack.
You hit the orc priest but do no damage.
The orc priest is heavily wounded.
The orc priest hits you but does no damage. x2
You hit the orc priest but do no damage.
The orc priest is heavily wounded.
You hit the orc priest.
The orc priest is severely wounded.
The orc priest calls down the wrath of Beogh upon you.
Beogh smites you!
Your shield and scale mail prevent you from hitting the orc priest.
The orc priest is severely wounded.
The orc priest hits you with a whip.
You closely miss the orc priest.
The orc priest is severely wounded.
The orc priest invokes the aid of Beogh against you.
Beogh smites you!
You die...

#....# #....#
.>...# ##
#....#... #
+....'.
#.##....#o##
####....).ooo..
.....!..####
######.ooo@#
##.#### #.# #..
#.. ##. ##


You could see an orc priest and 2 orcs.

Vanquished Creatures
  Robin (D:2)
  3 adders (D:2)
  2 oozes (D:1)
  3 worms (D:2)
  3 dart slugs (D:1)
  A leopard gecko (D:2)
  2 orcs
  A ball python (D:2)
  3 giant cockroaches (D:1)
  7 hobgoblins
  4 bats (D:1)
  A frilled lizard (D:1)
  14 goblins
  6 kobolds
  6 rats
57 creatures vanquished.

Notes
Turn   | Place    | Note
-------+----------+-------------------------------------------
     0 | D:1      | JeffiDaFish the Gargoyle Fighter began the quest for the Orb.
     0 | D:1      | Reached XP level 1. HP: 14/14 MP: 1/1
    46 | D:1      | Reached XP level 2. HP: 19/19 MP: 2/2
   196 | D:1      | Reached XP level 3. HP: 21/24 MP: 3/3
  1051 | D:2      | Reached XP level 4. HP: 28/29 MP: 4/4
  1172 | D:2      | Found a stormy altar of Qazlal.
  1277 | D:2      | Noticed Robin
  1384 | D:2      | Reached skill level 4 in Shields
  1387 | D:2      | HP: 1/29 [Robin/vampiric whip (2)]
  1389 | D:2      | Killed Robin
  1389 | D:2      | Reached skill level 1 in Dodging
  1855 | D:3      | Reached XP level 5. HP: 19/33 MP: 5/5
  2018 | D:3      | Killed from afar by an orc priest

Vault maps used:
D:1:      erik_arrival_gehennom
D:2:      lemuel_coloured_pillars_altar, first_bread, uniq_robin
D:3:      nicolae_overflow_hidden_temple, portal_sewer_entry_f

Skill      XL: |  1  2  3  4 |
---------------+-------------+-----
Maces & Flails | 3 |  3.3
Shields        | 4 |  4.0
Dodging        | 1 |  1.0
Fighting       | |  3.7
Armour         | |  3.9

Action                   |  1- 3 |  4- 6 || total
-------------------------+-------+-------++-------
Melee: Flail             |    99 |    84 ||   183
       Whip              |       |    35 ||    35
  Use: Potion            |     1 |     1 ||     2
       Scroll            |     5 |     1 ||     6
  Eat: Chunk             |     1 |     3 ||     4
       Bread ration      |       |     1 ||     1
Armor: Scale mail        |    47 |    50 ||    97
Dodge: Dodged            |    29 |    37 ||    66
Block: Shield            |    54 |    43 ||    97
